[Event "Titled Tuesday Blitz January 18 2022"]
[White "Timofeev, Artyom"]
[Black "Wachinger, Guenther"]
[WhiteFideId "4140419"]
[BlackFideId "4604261"]
[WhiteElo "2583"]
[BlackElo "2212"]
[Result "1-0"]
[Round "01"]
[TimeControl "180+1"]
[Date "2022.01.18"]
[WhiteClock "0:00:54"]
[BlackClock "0:00:22"]

1. d4 d5 2. c4 e6 3. Nc3 c6 4. e3 Bd6 5. Bd3 Nd7 6. Nf3 f5 7. b3 Ngf6 8. Bb2 O-O 9. O-O Ne4 10. Ne2 Ndf6 11. Ne5 Bd7 12. f3 Ng5 13. Nf4 Nf7 14. Be2 Qc7 15. Nfd3 Be8 16. Rc1 Nd7 17. f4 Nf6 18. Bf3 Ne4 19. g4 Bxe5 20. dxe5 g6 21. cxd5 exd5 22. gxf5 gxf5 23. Kh1 Nd8 24. Rg1+ Bg6 25. Bxe4 dxe4 26. Nc5 b6 27. Nd7 Rf7 28. Nf6+ Kf8 29. Ba3+ c5 30. b4 Ne6 31. Qd5 Rd8 32. Qxe6 Rd2 33. bxc5 b5 34. c6+ Kg7 35. Ne8+ 1-0


[Site "https://www.chess.com"]

[Event "Titled Tuesday Blitz January 18 2022"]
[White "Tsvetkov, Andrey"]
[Black "Gheorghiu, Calin"]
[WhiteFideId "34139360"]
[BlackFideId "1200305"]
[WhiteElo "2280"]
[BlackElo "2168"]
[Result "1-0"]
[Round "01"]
[TimeControl "180+1"]
[Date "2022.01.18"]
[WhiteClock "0:01:23"]
[BlackClock "0:00:20"]

1. d4 Nf6 2. c4 g6 3. Nc3 d5 4. Nf3 Bg7 5. h4 h6 6. cxd5 Nxd5 7. e4 Nxc3 8. bxc3 c5 9. Rb1 cxd4 10. cxd4 O-O 11. Be2 Nc6 12. d5 Na5 13. O-O Bg4 14. Bf4 b6 15. Qd2 Qd7 16. Bxh6 Bxf3 17. Bxf3 Nc4 18. Qc1 Rac8 19. Bxg7 Kxg7 20. h5 Rh8 21. hxg6 f6 22. Qf4 Rh6 23. Bg4 Qe8 24. Bxc8 Qh8 25. Bh3 Ne5 26. Qe3 Rxg6 27. f4 Nc4 28. Qc3 Nd6 29. e5 Ne4 30. exf6+ Rxf6 31. Qe5 Nd2 32. Qxe7+ Kg6 33. f5+ Kh5 34. Qe2+ 1-0


[Site "https://www.chess.com"]

[Event "Titled Tuesday Blitz January 18 2022"]
[White "Tsydypov, Zhamsaran"]
[Black "Ozates, Tuna"]
[WhiteFideId "4108566"]
[BlackFideId "6354521"]
[WhiteElo "2614"]
[BlackElo "1872"]
[Result "1-0"]
[Round "01"]
[TimeControl "180+1"]
[Date "2022.01.18"]
[WhiteClock "0:02:06"]
[BlackClock "0:00:42"]

1. d4 Nf6 2. Nf3 e6 3. Bg5 Be7 4. Nbd2 d5 5. e3 O-O 6. c3 c5 7. Bd3 Nc6 8. Qb1 h6 9. Bf4 Bd6 10. Bg3 Re8 11. Ne5 Bxe5 12. dxe5 Ng4 13. Nf3 Qc7 14. Qd1 Ngxe5 15. Nxe5 Nxe5 16. Bc2 b6 17. Qh5 Nd3+ 18. Bxd3 e5 19. O-O Bb7 20. Bc2 Rad8 21. f4 e4 22. f5 Qe7 23. f6 Qf8 24. fxg7 Qxg7 25. Rf4 Re6 26. Raf1 Rf8 27. Rg4 Rg6 28. Rxg6 fxg6 29. Rxf8+ Kxf8 30. Qg4 Qf6 31. Qd7 Ba6 32. Qd6+ Qxd6 33. Bxd6+ Ke8 34. Ba4+ Kd8 35. g4 Bc8 36. h3 a6 37. Kf2 b5 38. Bb3 c4 39. Bd1 Kd7 40. Bf8 Ke8 41. Bxh6 Kf7 42. Kg3 Kf6 43. Kf4 Be6 44. h4 Bd7 45. Bf8 Bc8 46. Bc5 Bd7 47. Bd4+ Ke6 48. Kg5 Kf7 49. h5 1-0


[Site "https://www.chess.com"]

[Event "Titled Tuesday Blitz January 18 2022"]
[White "Van der Werf, Mark"]
[Black "Krivonosov, Oleg"]
[WhiteFideId "1000470"]
[BlackFideId "11600349"]
[WhiteElo "2398"]
[BlackElo "2455"]
[Result "1/2-1/2"]
[Round "01"]
[TimeControl "180+1"]
[Date "2022.01.18"]
[WhiteClock "0:00:26"]
[BlackClock "0:00:31"]

1. c4 e6 2. Nc3 d5 3. d4 Be7 4. cxd5 exd5 5. Bf4 Nf6 6. e3 O-O 7. Bd3 c5 8. dxc5 Bxc5 9. Nge2 Nc6 10. O-O d4 11. exd4 Nxd4 12. Nxd4 Qxd4 13. Be3 Qe5 14. Bxc5 Qxc5 15. Ne4 Nxe4 16. Bxe4 Be6 17. Bxb7 Rab8 18. Bf3 Rxb2 19. Qc1 Qxc1 20. Rfxc1 Rfb8 21. a4 a5 22. h3 g6 23. Rc5 Rd8 24. Rxa5 Rdd2 25. Rb5 Rxb5 26. axb5 Rb2 27. Bc6 Bc4 28. Ra8+ Kg7 29. Rb8 Rb3 30. b6 Kf6 31. b7 Ba6 32. Ra8 Bxb7 33. Rb8 Bxc6 34. Rxb3 Bd5 35. Rb6+ Kg7 36. f4 h5 37. h4 Be4 38. Kf2 Bd5 39. g3 Be4 40. Ke3 Bd5 41. Kd4 Ba2 42. Ke5 Bc4 43. f5 gxf5 44. Kxf5 Be2 45. Kg5 Bg4 46. Rh6 Be2 47. Rf6 Bd1 48. Rf4 Be2 49. Re4 Bd1 50. Kf4 Bg4 51. Re5 Bd1 52. Rg5+ Kf6 53. Rd5 Be2 54. Rd8 Bg4 55. Rg8 Be2 56. Rg5 Bd1 57. Rd5 Be2 58. Rd6+ Kg7 59. Ke5 Bg4 60. Rd4 Bf3 61. Rf4 Bd1 62. Rf2 Bg4 1/2-1/2


[Site "https://www.chess.com"]

[Event "Titled Tuesday Blitz January 18 2022"]
[White "Vokhidov, Shamsiddin"]
[Black "Bouget, Alexandre"]
[WhiteFideId "14204223"]
[BlackFideId "681318"]
[WhiteElo "2611"]
[BlackElo "2178"]
[Result "1-0"]
[Round "01"]
[TimeControl "180+1"]
[Date "2022.01.18"]
[WhiteClock "0:01:27"]
[BlackClock "0:00:02"]

1. e4 e5 2. Nf3 Nc6 3. Bb5 a6 4. Ba4 Nf6 5. O-O Be7 6. d3 b5 7. Bb3 O-O 8. Nc3 d6 9. a3 Na5 10. Ba2 c5 11. b4 Nc6 12. Nd5 cxb4 13. axb4 Nxd5 14. Bxd5 Bb7 15. Bd2 Qc7 16. c3 Kh8 17. Qb3 Nd8 18. Ra2 f5 19. Rfa1 fxe4 20. dxe4 Qd7 21. Bxb7 Nxb7 22. Rxa6 Rxa6 23. Rxa6 Qg4 24. Qd5 Rxf3 25. Qxb7 Rf8 26. Ra1 Bh4 27. g3 Qe2 28. Be3 Bg5 29. Qb6 Bxe3 30. Qxe3 Qb2 31. Rd1 Rf6 32. Qd2 1-0


[Site "https://www.chess.com"]

[Event "Titled Tuesday Blitz January 18 2022"]
[White "Willow, Jonah B"]
[Black "Pajeken, Jakob Leon"]
[WhiteFideId "438804"]
[BlackFideId "12942839"]
[WhiteElo "2261"]
[BlackElo "2351"]
[Result "1-0"]
[Round "01"]
[TimeControl "180+1"]
[Date "2022.01.18"]
[WhiteClock "0:00:34"]
[BlackClock "0:00:14"]

1. e4 e5 2. Nf3 Nc6 3. Nc3 Nf6 4. Bb5 Bd6 5. d3 a6 6. Ba4 b5 7. Bb3 Na5 8. O-O O-O 9. Bg5 h6 10. Bh4 Bb7 11. d4 Nxb3 12. axb3 exd4 13. Qxd4 Be7 14. Rad1 Nxe4 15. Bxe7 Qxe7 16. Rfe1 d5 17. Nxd5 Bxd5 18. Qxd5 Rad8 19. Qc6 Rxd1 20. Rxd1 Re8 21. Re1 Kf8 22. Qxa6 Qc5 23. Re2 Qd5 24. Qa1 f5 25. Qe1 Ra8 26. h3 Ra2 27. Nd2 Rxb2 28. Nxe4 fxe4 29. Rxe4 Rxc2 30. Rf4+ Kg8 31. Qe8+ Kh7 32. Rf8 Qd1+ 33. Kh2 Qd6+ 34. g3 g5 35. Qf7# 1-0


[Site "https://www.chess.com"]

[Event "Titled Tuesday Blitz January 18 2022"]
[White "Xiong, Jeffery"]
[Black "Soderstrom, Adrian"]
[WhiteFideId "2047640"]
[BlackFideId "1745786"]
[WhiteElo "2727"]
[BlackElo "2107"]
[Result "1-0"]
[Round "01"]
[TimeControl "180+1"]
[Date "2022.01.18"]
[WhiteClock "0:01:54"]
[BlackClock "0:00:25"]

1. d4 Nf6 2. c4 g6 3. Nc3 Bg7 4. e4 d6 5. Be2 O-O 6. Be3 e5 7. d5 Na6 8. Nf3 Ng4 9. Bg5 f6 10. Bh4 Nh6 11. Nd2 Nc5 12. b4 Nd7 13. O-O g5 14. Bg3 f5 15. exf5 Nxf5 16. Nde4 h6 17. c5 Nf6 18. Bd3 Nd4 19. Nxf6+ Qxf6 20. Ne4 Qe7 21. Rc1 a5 22. cxd6 cxd6 23. b5 Bf5 24. b6 Rac8 25. Qd2 h5 26. f3 Bh6 27. Bf2 Kh7 28. Be3 Rg8 29. Rxc8 Rxc8 30. Bxg5 Bxe4 31. Bxe4+ 1-0


[Site "https://www.chess.com"]

[Event "Titled Tuesday Blitz January 18 2022"]
[White "Zhigalko, Sergei"]
[Black "Pires, Marcos Vinicius Torsani"]
[WhiteFideId "13502956"]
[BlackFideId "2118939"]
[WhiteElo "2662"]
[BlackElo "2273"]
[Result "1-0"]
[Round "01"]
[TimeControl "180+1"]
[Date "2022.01.18"]
[WhiteClock "0:00:18"]
[BlackClock "0:00:02"]

1. e4 c6 2. d4 d5 3. e5 Bf5 4. Nf3 e6 5. Be2 Ne7 6. O-O Nd7 7. Nbd2 Bg6 8. Nh4 Nf5 9. Nxg6 hxg6 10. Nf3 Nh4 11. Ne1 c5 12. c3 Nb8 13. g3 Nf5 14. Nf3 Nc6 15. dxc5 Bxc5 16. Kg2 a6 17. Bf4 Rc8 18. Qd2 Qd7 19. Rad1 O-O 20. Bd3 b5 21. Rfe1 Bb6 22. Qe2 Na5 23. g4 Ne7 24. Ng5 Nec6 25. Qf3 Bd8 26. h4 Nc4 27. Re2 Be7 28. Qh3 Qc7 29. h5 Bxg5 30. Bxg5 N4xe5 31. Bf4 g5 32. Bh2 f6 33. h6 Kf7 34. hxg7 Rg8 35. Qh5+ Ke7 36. Qh7 Qd8 37. Bg6 Nxg6 38. Qxg6 Qe8 39. Rxe6+ Kxe6 40. Re1+ Ne5 41. Rxe5+ Kd7 42. Rxe8 Rcxe8 43. Qf7+ Kd8 44. Qc7# 1-0


[Site "https://www.chess.com"]

[Event "Titled Tuesday Blitz January 18 2022"]
[White "Al Mukhaini, Shima"]
[Black "Guz, Ari"]
[WhiteFideId "22005854"]
[BlackFideId "2825759"]
[WhiteElo "2356"]
[BlackElo "1913"]
[Result "1/2-1/2"]
[Round "02"]
[TimeControl "180+1"]
[Date "2022.01.18"]
[WhiteClock "0:00:23"]
[BlackClock "0:01:44"]

1. e4 e5 2. Nf3 Nc6 3. Bb5 g6 4. O-O Bg7 5. c3 Nge7 6. d4 O-O 7. dxe5 Nxe5 8. Nxe5 Bxe5 9. Bh6 Bg7 10. Bxg7 Kxg7 11. Na3 d6 12. Qd4+ Kg8 13. Rad1 Nc6 14. Bxc6 bxc6 15. e5 d5 16. Nc2 Be6 17. Ne3 Qb8 18. f4 Qxb2 19. f5 gxf5 20. Nxf5 Bxf5 21. Rxf5 Qb6 22. Kf1 Qxd4 23. cxd4 Rab8 24. Rf6 Rb6 25. Rc1 Rb4 26. Rcxc6 Rxd4 27. Rxc7 a5 28. Rd6 Rd2 29. Rc5 Rxa2 30. Rcxd5 a4 31. Rd8 Rxd8 32. Rxd8+ Kg7 33. Ra8 a3 34. Ra6 Kf8 35. Ra7 h5 36. h4 Ke8 37. Kg1 Kf8 38. Kh2 Kg7 39. e6 Kf8 40. exf7 Ra1 41. Kg3 a2 42. Kh2 Kg7 1/2-1/2


[Site "https://www.chess.com"]

[Event "Titled Tuesday Blitz January 18 2022"]
[White "Albornoz Cabrera, Carlos Daniel"]
[Black "Yurovskykh, Oleksandr"]
[WhiteFideId "3518736"]
[BlackFideId "14134020"]
[WhiteElo "2490"]
[BlackElo "2292"]
[Result "1-0"]
[Round "02"]
[TimeControl "180+1"]
[Date "2022.01.18"]
[WhiteClock "0:00:18"]
[BlackClock "0:00:01"]

1. e4 d5 2. exd5 Qxd5 3. Nf3 Bg4 4. d4 Bxf3 5. Qxf3 Qxf3 6. gxf3 e6 7. Be3 Nf6 8. c4 Nc6 9. Nc3 O-O-O 10. O-O-O a6 11. d5 exd5 12. cxd5 Ne5 13. f4 Ned7 14. Bh3 Bd6 15. Rdg1 Rhg8 16. Rg2 Kb8 17. Rhg1 g6 18. f5 Rde8 19. fxg6 hxg6 20. Bxd7 Nxd7 21. h4 Rh8 22. Rh1 Rh5 23. Rg5 Reh8 24. Rxh5 Rxh5 25. Bg5 f6 26. Be3 g5 27. Ne4 Be7 28. Ng3 Rxh4 29. Rd1 Bd6 30. Nf5 Rh3 31. Re1 Ne5 32. Kc2 Rh2 33. Bd4 b5 34. Re2 Kb7 35. a3 Rh3 36. Re1 Nf3 37. Re8 Rh2 38. b4 Be5 39. Bc5 Nh4 40. Ne7 Bd6 41. Nc6 a5 42. Rb8+ Ka6 43. Nd8 Bxc5 44. bxc5 b4 45. a4 Rxf2+ 46. Kd3 Ka7 47. Nc6+ Ka6 48. d6 Rf3+ 49. Ke2 1-0


[Site "https://www.chess.com"]

[Event "Titled Tuesday Blitz January 18 2022"]
[White "Al-Tarboush, Ward"]
[Black "Timofeev, Artyom"]
[WhiteFideId "7601450"]
[BlackFideId "4140419"]
[WhiteElo "2276"]
[BlackElo "2583"]
[Result "0-1"]
[Round "02"]
[TimeControl "180+1"]
[Date "2022.01.18"]
[WhiteClock "0:00:01"]
[BlackClock "0:00:06"]

1. d4 d5 2. Nf3 Nf6 3. Nc3 g6 4. Bg5 Nbd7 5. e3 Bg7 6. Bd3 a6 7. O-O O-O 8. e4 dxe4 9. Nxe4 b5 10. Qe2 Bb7 11. Rfe1 h6 12. Bh4 Re8 13. Rad1 Nd5 14. Bg3 Nb4 15. Ne5 Nxd3 16. Rxd3 Nxe5 17. dxe5 Qc8 18. Nc5 e6 19. Ne4 Bxe4 20. Qxe4 c5 21. Red1 Ra7 22. Rd6 c4 23. h4 Bf8 24. R6d2 h5 25. Bf4 Be7 26. Bg5 Bxg5 27. hxg5 c3 28. bxc3 Qxc3 29. Rd8 Re7 30. Qa8 Kf8 31. Qxa6 Qxe5 32. Qa3 Kg7 33. R8d3 Qxg5 34. Rf3 Qe5 35. Re3 Qg5 36. Rf3 Kh7 37. Qb2 Rc7 38. Rb1 Rd8 39. g3 Kg8 40. Qxb5 Qxb5 41. Rxb5 Rxc2 42. Rb7 Rf8 43. a4 Ra2 44. Ra7 Kg7 45. a5 g5 46. Re3 Kg6 47. Rf3 f6 48. Re3 e5 49. Rd3 Rc8 50. Ra6 g4 51. Rdd6 Rf8 52. Re6 Kf5 53. Re7 h4 54. gxh4 Kf4 55. Rc7 e4 56. Rc3 f5 57. h5 Rh8 58. h6 Kg5 59. Rcc6 f4 60. Rc5+ Kh4 61. Rf6 f3 62. a6 e3 63. fxe3 Ra1+ 64. Kf2 Rd8 65. Rc2 Rad1 0-1


[Site "https://www.chess.com"]

[Event "Titled Tuesday Blitz January 18 2022"]
[White "Andreikin, Dmitry"]
[Black "Artemenko, Oleg"]
[WhiteFideId "4158814"]
[BlackFideId "14201798"]
[WhiteElo "2972"]
[BlackElo "2622"]
[Result "0-1"]
[Round "02"]
[TimeControl "180+1"]
[Date "2022.01.18"]
[WhiteClock "0:00:51"]
[BlackClock "0:01:52"]

1. e4 e6 2. d4 d5 3. Nc3 Nf6 4. e5 Nfd7 5. f4 c5 6. Nf3 Nc6 7. Be3 Qb6 8. Na4 Qa5+ 9. c3 b6 10. Bd2 c4 11. b4 Nxb4 12. cxb4 Bxb4 13. Bxb4 Qxb4+ 14. Kf2 b5 15. Nc5 Nxc5 16. dxc5 Qxc5+ 17. Qd4 Qxd4+ 18. Nxd4 b4 19. Ke3 Bd7 20. Be2 a5 21. a3 Ke7 22. Rhb1 b3 23. Kd2 f6 24. Kc3 Rhf8 25. Rf1 Rab8 26. Bg4 fxe5 27. Nf3 d4+ 28. Kb2 c3+ 29. Kb1 Bb5 30. Rd1 Rxf4 31. Nxe5 Rf2 32. Rxd4 b2 33. Ra2 Bd3+ 0-1


[Site "https://www.chess.com"]

[Event "Titled Tuesday Blitz January 18 2022"]
[White "Belyakov, Bogdan"]
[Black "Nakamura, Hikaru"]
[WhiteFideId "24104795"]
[BlackFideId "2016192"]
[WhiteElo "2647"]
[BlackElo "3221"]
[Result "0-1"]
[Round "02"]
[TimeControl "180+1"]
[Date "2022.01.18"]
[WhiteClock "0:00:23"]
[BlackClock "0:01:40"]

1. e4 g6 2. d4 Bg7 3. Nf3 d6 4. Nc3 a6 5. Be2 b5 6. O-O Bb7 7. Re1 Nd7 8. Bf1 e6 9. a3 Ne7 10. Bf4 h6 11. h3 O-O 12. Qd2 g5 13. Be3 f5 14. Bxg5 hxg5 15. Nxg5 Bh6 16. f4 Bxg5 17. fxg5 f4 18. Qe2 e5 19. Qg4 Kg7 20. Rad1 exd4 21. Nd5 Nxd5 22. exd5 Ne5 23. Rxe5 dxe5 24. Bd3 Qxd5 25. Re1 f3 26. Re4 f2+ 27. Kf1 Qa2 28. Qd1 Bxe4 29. Bxe4 Qc4+ 30. Bd3 Qf7 31. Qg4 Qf4 0-1


[Site "https://www.chess.com"]

[Event "Titled Tuesday Blitz January 18 2022"]
[White "Bilan, Danila"]
[Black "Costachi, Mihnea"]
[WhiteFideId "24161918"]
[BlackFideId "1217518"]
[WhiteElo "2164"]
[BlackElo "2464"]
[Result "0-1"]
[Round "02"]
[TimeControl "180+1"]
[Date "2022.01.18"]
[WhiteClock "0:00:09"]
[BlackClock "0:01:58"]

1. d4 Nf6 2. Nf3 g6 3. Bg5 Ne4 4. Bh4 d5 5. c3 Bg7 6. Nbd2 c5 7. e3 cxd4 8. cxd4 Nxd2 9. Qxd2 Nc6 10. Bd3 O-O 11. O-O Bg4 12. Rfc1 Bxf3 13. gxf3 Qd7 14. Bg3 e5 15. dxe5 Nxe5 16. Be2 Rac8 17. Bxe5 Bxe5 18. f4 Bg7 19. Bf3 d4 20. exd4 Bxd4 21. Rxc8 Rxc8 22. Rd1 Rd8 23. Qb4 b6 24. Kg2 h5 25. h3 Kh7 26. b3 a5 27. Qc4 Kg7 28. a4 Qd6 29. f5 Qf6 30. fxg6 fxg6 31. Qc7+ Kh6 32. Qc1+ Kh7 33. Qc7+ Kh8 34. Qg3 Rf8 35. Rd3 Be5 0-1


[Site "https://www.chess.com"]

[Event "Titled Tuesday Blitz January 18 2022"]
[White "Bluebaum, Matthias"]
[Black "Agasarov, Benik"]
[WhiteFideId "24651516"]
[BlackFideId "13314823"]
[WhiteElo "2550"]
[BlackElo "2589"]
[Result "1-0"]
[Round "02"]
[TimeControl "180+1"]
[Date "2022.01.18"]
[WhiteClock "0:00:18"]
[BlackClock "0:00:20"]

1. d4 Nf6 2. Nf3 e6 3. c4 b6 4. g3 Ba6 5. b3 Bb7 6. Bg2 Bb4+ 7. Bd2 c5 8. d5 Bxd2+ 9. Qxd2 exd5 10. Nh4 Ne4 11. Qb2 d4 12. Qc2 d5 13. cxd5 Nf6 14. e4 dxe3 15. fxe3 Bxd5 16. Nc3 Bxg2 17. Qxg2 Nbd7 18. O-O O-O 19. Rad1 Qc7 20. Nf5 Qe5 21. Nd5 Rad8 22. Nde7+ Kh8 23. Nc6 Qc7 24. Nxd8 Rxd8 25. Rd2 Qe5 26. Qf3 Ne4 27. Rd3 Ng5 28. Qg4 Ne6 29. Rfd1 g6 30. Rxd7 Rxd7 31. Rxd7 gxf5 32. Qe2 Kg7 33. Rd1 f4 34. gxf4 Nxf4 35. Qf3 Ng6 36. Rf1 f6 37. Kh1 Qe7 38. Rf2 Qd7 39. Qxf6+ Kg8 40. Qf3 Qe7 41. e4 Qd7 42. e5 Qe7 43. Qd5+ Kg7 44. e6 Qh4 45. Rf7+ Kh6 46. Qd2+ Kh5 47. Rxh7+ Kg4 48. Rxh4+ Nxh4 49. e7 Nf3 50. Qf2 Ng5 51. e8=Q Nh3 52. Qe4+ Kg5 53. Qfh4# 1-0


[Site "https://www.chess.com"]

[Event "Titled Tuesday Blitz January 18 2022"]
[White "Bodnar, Nikolay"]
[Black "Sadhwani, Raunak"]
[WhiteFideId "14106469"]
[BlackFideId "35093487"]
[WhiteElo "2623"]
[BlackElo "3002"]
[Result "0-1"]
[Round "02"]
[TimeControl "180+1"]
[Date "2022.01.18"]
[WhiteClock "0:00:08"]
[BlackClock "0:00:14"]

1. e4 e5 2. Nf3 Nc6 3. Bc4 d6 4. d4 exd4 5. Nxd4 Nf6 6. Nc3 Be7 7. O-O O-O 8. h3 Re8 9. Re1 Nxd4 10. Qxd4 Nd7 11. Bf4 Bf6 12. Qd2 Nc5 13. e5 dxe5 14. Qxd8 Rxd8 15. Bxe5 Bxe5 16. Rxe5 Ne6 17. Rae1 Kf8 18. Nb5 Rb8 19. Bxe6 Bxe6 20. Nxc7 Bxa2 21. Ra5 Rd7 22. Nb5 Bc4 23. Na3 Bd5 24. Rd1 Rbd8 25. Rxa7 Be4 26. Rxd7 Rxd7 27. Ra4 f5 28. Rc4 Rd1+ 29. Kh2 Rd2 30. Kg3 g5 31. h4 h6 32. hxg5 hxg5 33. f3 Bd5 34. Rc5 f4+ 35. Kh3 Be6+ 36. Kh2 g4 37. fxg4 f3 38. Kg3 f2 0-1


[Site "https://www.chess.com"]

[Event "Titled Tuesday Blitz January 18 2022"]
[White "Bonte, Andrei-Mihai"]
[Black "Erdogdu, Mert"]
[WhiteFideId "1210297"]
[BlackFideId "6301495"]
[WhiteElo "2204"]
[BlackElo "2485"]
[Result "0-1"]
[Round "02"]
[TimeControl "180+1"]
[Date "2022.01.18"]
[WhiteClock "0:00:05"]
[BlackClock "0:00:49"]

1. d4 d5 2. Bf4 Nf6 3. e3 c5 4. Nf3 Nc6 5. Nbd2 e6 6. c3 Bd6 7. Bg3 O-O 8. Bd3 b6 9. O-O Bb7 10. Qe2 Re8 11. Ba6 Bxa6 12. Qxa6 Bxg3 13. hxg3 e5 14. dxe5 Nxe5 15. Nxe5 Rxe5 16. Nf3 Re6 17. Rfd1 Qc7 18. Rd2 Rd8 19. Rad1 Red6 20. c4 h6 21. cxd5 Nxd5 22. Qc4 Nf6 23. b4 Rxd2 24. Rxd2 Rxd2 25. Nxd2 Qd6 26. Ne4 Qd1+ 27. Kh2 Ng4+ 28. Kh3 Qd7 0-1


[Site "https://www.chess.com"]

[Event "Titled Tuesday Blitz January 18 2022"]
[White "Bortnyk, Olexandr"]
[Black "Suder, Jakub"]
[WhiteFideId "14120828"]
[BlackFideId "1195310"]
[WhiteElo "2723"]
[BlackElo "2058"]
[Result "1-0"]
[Round "02"]
[TimeControl "180+1"]
[Date "2022.01.18"]
[WhiteClock "0:00:04"]
[BlackClock "0:00:05"]

1. e4 c5 2. Nf3 e6 3. c3 Nf6 4. e5 Nd5 5. d4 cxd4 6. cxd4 d6 7. Bc4 Nc6 8. O-O Be7 9. Bd2 O-O 10. Nc3 Nxc3 11. Bxc3 dxe5 12. dxe5 b6 13. Qe2 Bb7 14. Bd3 g6 15. Rfd1 Qc7 16. Rac1 Rad8 17. h4 Qb8 18. h5 Nb4 19. Bxb4 Bxb4 20. Be4 Bc5 21. Bxb7 Qxb7 22. a3 a5 23. Qc4 Qe7 24. Qf4 Rxd1+ 25. Rxd1 Rd8 26. Rc1 Qd7 27. Ng5 Bf8 28. Kh2 Bg7 29. Nf3 Rc8 30. Rxc8+ Qxc8 31. h6 Bf8 32. Ng5 Qc7 33. Ne4 Be7 34. g3 b5 35. b4 axb4 36. axb4 Qd8 37. Nd6 Qf8 38. Nxb5 Bxb4 39. Nd6 Bc5 40. Ne4 Be7 41. Kh3 g5 42. Nf6+ Bxf6 43. Qxf6 g4+ 44. Kh2 1-0


[Site "https://www.chess.com"]

[Event "Titled Tuesday Blitz January 18 2022"]
[White "Buchenau, Frank"]
[Black "Aditya Mittal"]
[WhiteFideId "4604350"]
[BlackFideId "35042025"]
[WhiteElo "2193"]
[BlackElo "2287"]
[Result "0-1"]
[Round "02"]
[TimeControl "180+1"]
[Date "2022.01.18"]
[WhiteClock "0:00:09"]
[BlackClock "0:00:44"]

1. e4 c5 2. Nf3 d6 3. Bb5+ Nd7 4. O-O a6 5. Bd3 Ngf6 6. Re1 e6 7. c3 b5 8. Bc2 Bb7 9. d4 Be7 10. Bf4 h6 11. Nbd2 Qc7 12. h3 O-O 13. Nf1 e5 14. dxe5 dxe5 15. Bh2 Rfe8 16. Ne3 Bf8 17. c4 Rad8 18. Nd5 Nxd5 19. cxd5 c4 20. a4 Bc5 21. axb5 axb5 22. Nh4 Nf6 23. Nf5 Bc8 24. Qf3 Bxf5 25. Qxf5 Bd4 26. Ra2 Qb6 27. Rea1 g6 28. Qf3 Rd6 29. Bg3 Kg7 30. Bh4 b4 31. Ba4 Ra8 32. Bc6 Rxa2 33. Rxa2 b3 34. Ra8 c3 35. bxc3 b2 36. cxd4 b1=Q+ 37. Kh2 Qxd4 38. Bxf6+ Rxf6 39. Rg8+ Kxg8 40. Qxf6 Qbxe4 41. Be8 Qf4+ 0-1


[Site "https://www.chess.com"]

[Event "Titled Tuesday Blitz January 18 2022"]
[White "Ceres, Dragos"]
[Black "Deac, Bogdan-Daniel"]
[WhiteFideId "13905864"]
[BlackFideId "1226380"]
[WhiteElo "2614"]
[BlackElo "2947"]
[Result "0-1"]
[Round "02"]
[TimeControl "180+1"]
[Date "2022.01.18"]
[WhiteClock "0:00:07"]
[BlackClock "0:00:07"]

1. e4 c5 2. Nf3 Nc6 3. Bb5 g6 4. O-O Bg7 5. Nc3 Nh6 6. d3 O-O 7. Re1 Ng4 8. Bxc6 dxc6 9. e5 b6 10. h3 Nh6 11. Bf4 Nf5 12. a4 a5 13. Ne4 Nd4 14. Nfd2 Be6 15. Bh2 Bd5 16. Nc4 Ra7 17. c3 Ne6 18. Qe2 Rd7 19. Rad1 b5 20. Ne3 Bb3 21. Rd2 f5 22. exf6 exf6 23. axb5 cxb5 24. Nf1 f5 25. Neg3 Nf4 26. Qf3 Nxd3 27. Re3 c4 28. Ne2 f4 29. Rexd3 cxd3 30. Nxf4 g5 31. Qg4 gxf4 32. Bxf4 h5 33. Qg3 Rf5 34. Be3 Qf6 35. Nh2 h4 36. Qg4 Be6 37. Nf3 Rxf3 38. Qxf3 Qxf3 39. gxf3 Bxh3 40. Kh2 Bf5 41. f4 a4 0-1


[Site "https://www.chess.com"]

[Event "Titled Tuesday Blitz January 18 2022"]
[White "Cherniaiev, Tykhon"]
[Black "Tsydypov, Zhamsaran"]
[WhiteFideId "14182360"]
[BlackFideId "4108566"]
[WhiteElo "2609"]
[BlackElo "2928"]
[Result "0-1"]
[Round "02"]
[TimeControl "180+1"]
[Date "2022.01.18"]
[WhiteClock "0:00:09"]
[BlackClock "0:01:47"]

1. Nf3 Nf6 2. c4 e6 3. d4 Bb4+ 4. Bd2 Be7 5. g3 O-O 6. Bg2 d5 7. Qc2 c6 8. O-O b6 9. b3 Bb7 10. Nc3 Na6 11. a3 c5 12. Rfd1 dxc4 13. bxc4 cxd4 14. Nb5 Bc5 15. Bf4 Be4 16. Qc1 Qe7 17. Nfxd4 Bxg2 18. Kxg2 e5 19. Nf5 Qb7+ 20. f3 exf4 21. Qxf4 Ne8 22. Rd5 Kh8 23. Rad1 Nf6 24. Qg5 Ne8 25. Qf4 Qc6 26. Rd8 Nec7 27. Rxa8 Rxa8 28. Qe5 f6 29. Qf4 Nxb5 30. cxb5 Qxb5 31. Rd2 Re8 32. e4 Qc6 33. Qg4 g6 34. Nh6 Bf8 35. Nf7+ Kg8 36. Nd8 Qc3 37. Qd7 Re7 38. Qd5+ Kg7 39. Rf2 Nc5 40. Nc6 Rd7 41. Qa2 Nd3 42. Rc2 Qxc2+ 43. Qxc2 Ne1+ 44. Kh3 Nxc2 45. e5 fxe5 46. Nxe5 Rc7 47. f4 Nxa3 48. g4 b5 49. f5 b4 50. g5 gxf5 51. Kh4 b3 52. Nd3 Rc3 53. Nb2 Nc4 54. Nxc4 Rxc4+ 55. Kh5 Rc6 56. h4 b2 57. g6 hxg6+ 58. Kg5 b1=Q 59. h5 Qg1+ 60. Kf4 Qg4+ 61. Ke3 Rc3+ 62. Kd2 Qd4+ 63. Ke2 Qe3+ 64. Kd1 Rc1# 0-1


[Site "https://www.chess.com"]

[Event "Titled Tuesday Blitz January 18 2022"]
[White "Chernobay, Artem"]
[Black "Bacrot, Etienne"]
[WhiteFideId "4167406"]
[BlackFideId "605506"]
[WhiteElo "2473"]
[BlackElo "2673"]
[Result "0-1"]
[Round "02"]
[TimeControl "180+1"]
[Date "2022.01.18"]
[WhiteClock "0:00:02"]
[BlackClock "0:01:09"]

1. d4 d5 2. c4 e6 3. Nc3 Be7 4. cxd5 exd5 5. Bf4 c6 6. e3 Bf5 7. Bd3 Bxd3 8. Qxd3 Nd7 9. Nge2 Ngf6 10. Rb1 a5 11. h3 O-O 12. O-O Ne8 13. f3 Bd6 14. Bxd6 Nxd6 15. e4 dxe4 16. fxe4 f6 17. Nf4 Qe7 18. Rbe1 Rae8 19. Kh1 Kh8 20. Qg3 b5 21. d5 b4 22. dxc6 bxc3 23. cxd7 Qxd7 24. Qxc3 Nxe4 25. Qa3 f5 26. Kg1 Nd2 27. Rxe8 Rxe8 28. Rf2 Qa7 29. Nd3 Ne4 0-1


[Site "https://www.chess.com"]

[Event "Titled Tuesday Blitz January 18 2022"]
[White "Chizhikov, Vladislav"]
[Black "Chigaev, Maksim"]
[WhiteFideId "4178157"]
[BlackFideId "4108116"]
[WhiteElo "2631"]
[BlackElo "3016"]
[Result "0-1"]
[Round "02"]
[TimeControl "180+1"]
[Date "2022.01.18"]
[WhiteClock "0:00:17"]
[BlackClock "0:01:21"]

1. e4 e6 2. d4 d5 3. Nc3 Bb4 4. e5 Ne7 5. a3 Bxc3+ 6. bxc3 b6 7. h4 Ba6 8. Ne2 c5 9. h5 h6 10. g3 Nbc6 11. Bh3 Rc8 12. Be3 Qc7 13. Nf4 cxd4 14. cxd4 Na5 15. Rc1 Qc3+ 16. Qd2 Qxa3 17. g4 Nc4 18. Qd3 Qa5+ 19. Bd2 Nxd2 20. Qxd2 Rc3 21. Ne2 Bxe2 22. Kxe2 Nc6 23. Kf1 Rxh3 0-1


[Site "https://www.chess.com"]